 Dungeon Crawl Stone Soup version 0.29-a0-322-g68df515428 (webtiles) character file.

Game seed: 2127700161570575889

1619 Ijustatesigmund the Firebug (level 8, -21/45 HPs)
             Began as a Deep Elf Fire Elementalist on Apr 7, 2022.
             Killed from afar by a gargoyle (27 damage)
             ... with a stone arrow
             ... on level 6 of the Dungeon.
             The game lasted 00:14:10 (5512 turns).

Ijustatesigmund the Firebug (DEFE)                  Turns: 5512, Time: 00:14:12

Health: -21/45     AC:  9    Str:  5    XL:     8   Next: 64%
Magic:  6/15       EV: 12    Int: 23    God:
Gold:   226        SH:  6    Dex: 15    Spells: 6/13 levels left

rFire   + . .      SeeInvis .   n - staff of fire
rCold   . . .      Faith    .   l - +1 buckler
rNeg    . . .      Spirit   .   a - +2 robe {Will+}
rPois   .          Reflect  .   w - +0 helmet
rElec   .          Harm     .   i - +1 cloak {rCorr}
rCorr   +          Rampage  .   k - +1 pair of gloves
Will    ++...                   (no boots)
Stlth   ++........              (no amulet)
HPRegen 0.15/turn               m - ring of willpower
MPRegen 0.14/turn               q - ring of wizardry

@: flying
A: no striking features
a: no special abilities


You were on level 6 of the Dungeon.
You visited 1 branch of the dungeon, and saw 6 of its levels.

You collected 352 gold pieces.
You spent 126 gold pieces at shops.

Inventory:

Hand Weapons
 c - a +3 short sword
Armour
 a - a +2 robe of willpower (worn)
 e - the +5 robe of the Bruised Artists {MP-9 Dex+7}
   (You found it on level 2 of the Dungeon)

   Dex:       It affects your dexterity (+7).
   MP:        It affects your magic capacity (-9).
 i - a +1 cloak of preservation (worn)
 k - a +1 pair of gloves (worn)
 l - a +1 buckler (worn)
 w - a +0 helmet (worn)
Magical Staves
 n - a staff of fire (weapon)
Jewellery
 m - a ring of willpower (left hand)
 q - a ring of wizardry (right hand)
Scrolls
 f - 2 scrolls of teleportation
Potions
 b - a potion of magic
 d - 2 potions of might
 g - 2 potions of haste
 h - a potion of brilliance
 o - a potion of cancellation
 p - 7 potions of curing
 r - 2 potions of invisibility
 s - 2 potions of mutation


   Skills:
 + Level 2.8 Fighting
 - Level 2.4 Dodging
 - Level 3.0 Stealth
 - Level 3.8 Shields
 - Level 3.4 Spellcasting
 + Level 6.9 Conjurations
 + Level 7.6 Fire Magic


You had 6 spell levels left.
You knew the following spells:

 Your Spells              Type           Power      Damage    Failure   Level
a - Foxfire               Conj/Fire      100%       2x1d9     1%          1
b - Scorch                Fire           100%       2d10      1%          2
c - Flame Wave            Conj/Fire      54%        2d11      2%          4

Your spell library contained the following spells:

 Spells                   Type           Power      Damage    Failure   Level
 Conjure Flame            Conj/Fire      54%        6-21      1%          3
 Static Discharge         Conj/Air       19%        N/A       2%          2
 Sticky Flame             Conj/Fire      54%        2d7       2%          4
 Inner Flame              Hex/Fire       32%        N/A       3%          3
 Stone Arrow              Conj/Erth      38%        3d9       4%          3
 Sandblast                Erth           6%         2d5       6%          1
 Passwall                 Tmut/Erth      2%         N/A       9%          2
 Lightning Bolt           Conj/Air       9%         1d22      34%         5
 Dispel Undead            Necr           3%         3d7       45%         4
 Maxwell's Capacitive Co  Air            1%         ∞         100%        8


Dungeon Overview and Level Annotations

Branches:
Dungeon (6/15)             Temple (0/1) D:4

Altars:
Cheibriados
Gozag
Kikubaaqudgha
Sif Muna
The Shining One

Shops:
D:2 [   D:4 :!*=[

Annotations:
D:6 2 transporters, oberejnoburuli's ghost, amateur OpHu


Message History

Casting: Foxfire (safe; 1% risk of failure)
Confirm with . or Enter, or press ? or * to list all spells.
You feel a surge of power!
You conjure some foxfire!
Your foxfire dissipates!
The foxfire hits the hound.
The hound is lightly wounded.
Casting: Foxfire (safe; 1% risk of failure)
Confirm with . or Enter, or press ? or * to list all spells.
You feel a surge of power!
You conjure some foxfire!
The foxfire hits the gargoyle but does no damage. x2
Casting: Foxfire (safe; 1% risk of failure)
Confirm with . or Enter, or press ? or * to list all spells.
Casting: Flame Wave (dangerous; 2% risk of failure)
Press: ? - help, Dir - look around, f - activate You feel a surge of power!
A wave of flame ripples out!
The flame wave engulfs the hound!
The hound is severely wounded. (Press . to intensify the flame waves.)
You hear a shout!
The hound barely misses you. The hound misses you.
The gargoyle hurls a stone arrow at you.
The stone arrow hits you!!
A wave of flame ripples out!
The flame wave engulfs the hound!
You kill the hound!
You hear a shout!
A wave of flame ripples out!
The flame wave engulfs the gargoyle but does no damage.
You finish channelling waves of flame.
You hear an angry hiss.
You hear a shout!
You hear an angry hiss.
The gargoyle hurls a stone arrow at you.
The stone arrow hits you!
* * * LOW HITPOINT WARNING * * *
It was a potion of flight.
You feel very buoyant.
You fly up into the air.
You hear the brisk hiss of a very distant avalanche of sand.
The gargoyle hurls a stone arrow at you.
The stone arrow hits you!!
Ouch! That really hurt!
You die...

. ### .. ..# #### >..
#.# #... ....
#.########## #.## .....
#.#§v..)...# #.#
......#†#§######.# #.##
.....9.@#v#### #.####...
#............###........
.###>####.........P..PP.
# ####.####.PP..P. #.#
#.PP..PP #.# #..P..PP
..[ ...PP..P .<.
##...PP.. ..... .._.PP..


You could see a gargoyle.

Vanquished Creatures
  Grinder (D:6)
  A sky beast (D:5)
  A black bear (D:4)
  3 ice beasts
  An ogre (D:6)
  A phantom (D:5)
  Blork the orc (D:5)
  A necrophage (D:4)
  3 killer bees (D:5)
  A howler monkey (D:6)
  A jelly (D:6)
  Crazy Yiuf (D:2)
  4 hounds
  2 orc wizards
  11 gnolls
  5 adders
  A river rat (D:4)
  A worm (D:4)
  2 dart slugs (D:4)
  16 orcs
  3 bats
  10 endoplasms
  3 giant cockroaches
  7 goblins
  3 hobgoblins
  7 jackals (D:4)
  5 kobolds
  3 quokkas
  9 ball pythons
  3 frilled lizards
  4 rats
115 creatures vanquished.

Vanquished Creatures (others)
  299 foxfires
  2 fungi (D:1)
  9 plants
310 creatures vanquished.

Grand Total: 425 creatures vanquished

Notes
Turn   | Place    | Note
-------+----------+-------------------------------------------
     0 | D:1      | Ijustatesigmund the Deep Elf Fire Elementalist began the
                  | quest for the Orb.
     0 | D:1      | Reached XP level 1. HP: 10/10 MP: 6/6
   151 | D:1      | Found a faded altar of an unknown god.
   278 | D:1      | Reached XP level 2. HP: 15/15 MP: 4/8
   860 | D:2      | Identified the +5 robe of the Bruised Artists {MP-9 Dex+7}
   897 | D:2      | Found Diujah's Armour Shoppe.
   920 | D:2      | Bought a +0 buckler for 54 gold pieces
   928 | D:2      | Learned a level 2 spell: Scorch
  1071 | D:2      | Reached XP level 3. HP: 19/19 MP: 5/9
  1419 | D:2      | Found a runed translucent door.
  1420 | D:2      | Noticed Crazy Yiuf
  1763 | D:3      | Found a snail-covered altar of Cheibriados.
  1810 | D:3      | Reached skill level 1 in Shields
  1810 | D:3      | Reached skill level 4 in Fire Magic
  1810 | D:3      | Reached XP level 4. HP: 24/24 MP: 7/11
  1815 | D:3      | Learned a level 4 spell: Flame Wave
  2385 | D:4      | Found Muukh's Distillery.
  2440 | D:4      | Bought 2 potions of curing for 72 gold pieces
  2454 | D:4      | Reached XP level 5. HP: 28/28 MP: 8/12
  2462 | D:4      | Noticed a black bear
  2468 | D:4      | Killed a black bear
  2603 | D:4      | Found Vizeogun's General Store.
  2622 | D:4      | Found Iwkuet's Jewellery Shop.
  2758 | D:4      | Found a staircase to the Ecumenical Temple.
  2827 | D:4      | Noticed an ice beast
  2836 | D:4      | Killed an ice beast
  2837 | D:4      | Reached skill level 5 in Fire Magic
  2837 | D:4      | Reached XP level 6. HP: 32/32 MP: 4/13
  2928 | D:4      | Found Ninaoc's Book Boutique.
  2929 | D:4      | Found an ancient bone altar of Kikubaaqudgha.
  3185 | D:4      | Found Wasmoelu's Antique Armour Shop.
  3327 | D:4      | Found a shimmering blue altar of Sif Muna.
  3790 | D:2      | Killed Crazy Yiuf
  3892 | D:5      | Entered Level 5 of the Dungeon
  3893 | D:5      | Noticed Blork the orc
  3906 | D:5      | Killed Blork the orc
  3907 | D:5      | Reached XP level 7. HP: 29/36 MP: 1/14
  4012 | D:5      | Reached skill level 5 in Conjurations
  4013 | D:5      | Reached skill level 6 in Fire Magic
  4429 | D:5      | Reached skill level 1 in Fighting
  4429 | D:5      | Reached XP level 8. HP: 30/43 MP: 4/15
  4785 | D:5      | Reached skill level 7 in Fire Magic
  5111 | D:5      | Found an opulent altar of Gozag.
  5207 | D:6      | Found a transporter.
  5293 | D:6      | Noticed oberejnoburuli's ghost (amateur OpHu)
  5302 | D:6      | Found a transporter.
  5303 | D:6      | Noticed Grinder
  5312 | D:6      | Killed Grinder
  5484 | D:6      | Found a glowing golden altar of the Shining One.
  5504 | D:6      | Noticed a gargoyle
  5512 | D:6      | Killed from afar by a gargoyle

Illustrated notes

Levels and vault maps discovered:
D:1:      dpeg_arrival_rooms_b, layout_rooms,
          shapermc_ecumenical_altar_mp_urbaneastern
D:2:      layout_rooms, serial_shops, nicolae_shop_hallway_plus,
          uniq_crazy_yiuf_cottage
D:3:      layout_basic, mainiacjoe_overflow_brackets
D:4:      layout_basic, mainiacjoe_overflow_alcove_4, minmay_temple_entry_tees,
          serial_shops, nicolae_diamond_shop, shop, shop, nicolae_stop_n_shop_1,
          nicolae_square_shop, gup_sewer_entry_bowl, minmay_ruined_shrine
D:5:      layout_loops_ring, grunt_gozag_breadcrumbs, serial_rivers,
          chequers_serial_rivers_micro_a, chequers_serial_rivers_micro_e,
          chequers_serial_rivers_micro_c, chequers_serial_rivers_large_a,
          chequers_serial_rivers_micro_d, uniq_blork_the_orc
D:6:      layout_loops_corners, mainiacjoe_overflow_catch_the_wave,
          gammafunk_ghost_gnarly_gnolls, gup_ossuary_entry_pyramid,
          minivault_11, uniq_grinder

Skill      XL: |  1  2  3  4  5  6  7  8 |
---------------+-------------------------+-----
Stealth        | 3 |  3.0
Conjurations   | 2 3 4 5 6 |  6.9
Shields        | 1 2 3 |  3.8
Fire Magic     | 4 5 6 7 |  7.6
Fighting       | 1 2 |  2.8
Dodging        | |  2.4
Spellcasting   | |  3.4

Action                   |  1- 3 |  4- 6 |  7- 9 || total
-------------------------+-------+-------+-------++-------
Melee: Short sword       |     1 |       |       ||     1
       Staff             |       |     1 |       ||     1
 Cast: Foxfire           |    57 |    84 |    46 ||   187
       Scorch            |       |    13 |     9 ||    22
       Flame Wave        |       |       |     5 ||     5
  Use: Scroll            |     4 |     7 |     6 ||    17
       Potion            |       |       |     1 ||     1
Armor: Robe              |     2 |     7 |     7 ||    16
Dodge: Dodged            |     2 |     9 |     7 ||    18
Block: Buckler           |     1 |     4 |     6 ||    11

Table legend: (Time is in decaauts)
 A = Elapsed time spent in this place.
 B = Non-inter-level travel time spent in this place.
 C = Inter-level travel time spent in this place.
 D = Time resting spent in this place.
 E = Time spent auto-exploring this place.
 F = Levels seen in this place.
 G = Mean time per level.
                   A        B        C        D        E       F      G
               +--------+--------+--------+--------+--------+-----+--------+
         Total |   5530 |   5338 |    192 |    727 |   3742 |   6 |  921.7 |
       Dungeon |   5530 |   5338 |    192 |    727 |   3742 |   6 |  921.7 |
               +--------+--------+--------+--------+--------+-----+--------+

Top non-repeatable levels by time:
     D:4: 1490 daAuts
     D:5: 1153 daAuts
     D:2: 1054 daAuts
     D:3: 791 daAuts
     D:1: 735 daAuts
     D:6: 304 daAuts
